 Dungeon Crawl Stone Soup version 0.20-a0-1122-gb7cbeb9 (webtiles) character file.

71564 Gorglomux the Unseen (level 15, -12/81 HPs)
             Began as a Vine Stalker Assassin on May 13, 2017.
             Was the Champion of Dithmenos.
             Shot with an arrow by Nessos (19 damage)
             ... on level 15 of the Dungeon.
             The game lasted 01:13:45 (21390 turns).

Gorglomux the Unseen (Vine Stalker Assassin)       Turns: 21390, Time: 01:13:46

Health: -12/81     AC:  9    Str: 15    XL:     15   Next: 37%
Magic:  0/21       EV: 14    Int: 11    God:    Dithmenos [******]
Gold:   1294       SH:  0    Dex: 21    Spells: 15/21 levels left

rFire    + . .     SeeInvis .   a - +1 short sword (drain)
rCold    . . .     Gourm    .   (no shield)
rNeg     . . .     Faith    .   W - +0 troll leather armour {regen}
rPois    .         Spirit   +   Y - +1 helmet
rElec    .         Reflect  .   Q - +1 cloak
rCorr    .         Harm     .   F - +0 pair of gloves
MR       +....                  D - +2 pair of boots
Stlth    ++++++++++             S - amulet of regeneration {+regen, !d}
Regen    1.9/turn               k - ring of protection from fire {rF+, !d}
MPRegen  0.2/turn               O - ring of stealth {Stlth+}

@: lethally poisoned (-12 -> -12), corroded, very slightly contaminated,
wreathed by umbra
A: fangs 3, regeneration 2, magic shield, antimagic bite, no potion heal 3, rot
immunity
a: Shadow Step, Shadow Form, Renounce Religion


You were on level 15 of the Dungeon.
You worshipped Dithmenos.
Dithmenos was exalted by your worship.
You were completely stuffed.

You visited 3 branches of the dungeon, and saw 22 of its levels.

You collected 1462 gold pieces.
You spent 168 gold pieces at shops.

Inventory:

Hand Weapons
 a - a +1 short sword of draining (weapon)
   (You took it off an orc priest on level 14 of the Dungeon)
 b - the +8 whip "Snakebite" {curare, rPois}
   (You found it on level 1 of the Lair of Beasts)

   It poisons the flesh of those it strikes.
   It protects you from poison.
 c - a +0 blowgun
Missiles
 e - 33 poisoned needles
 s - 131 sling bullets
 K - 11 curare-tipped needles
 R - 4 throwing nets {=f, !d}
Armour
 D - a +2 pair of boots (worn)
   (You found it on level 4 of the Lair of Beasts)
 F - a +0 pair of gloves (worn)
   (You found it on level 5 of the Dungeon)
 Q - a +1 cloak (worn)
   (You took it off Maurice on level 8 of the Dungeon)
 W - a +0 troll leather armour (worn) {regen}
   (You found it on level 11 of the Dungeon)
 Y - a +1 helmet (worn)
   (You found it on level 2 of the Lair of Beasts)
Jewellery
 k - a ring of protection from fire (left hand) {rF+, !d}
   (You found it on level 2 of the Dungeon)
 G - a +3 ring of protection
   (You found it on level 7 of the Dungeon)
 N - the ring "Qonit" {-Tele AC+3 Slay+2 Stlth+}
   (You found it on level 8 of the Dungeon)

   [ring of protection]

   It affects your AC (+3).
   It affects your accuracy and damage with ranged weapons and melee attacks
   (+2).
   It prevents most forms of teleportation.
   It makes you more stealthy.
 O - a ring of stealth (right hand) {Stlth+}
   (You found it on level 1 of the Lair of Beasts)
 S - an amulet of regeneration (around neck) {+regen, !d}
   (You found it on level 6 of the Lair of Beasts)
 U - an uncursed ring of see invisible {sInv, !d}
   (You found it on level 11 of the Dungeon)
 X - an uncursed amulet of the gourmand {Gourm, !d}
   (You found it on level 3 of the Lair of Beasts)
 Z - an uncursed ring of protection from magic {MR+, !d}
   (You found it on level 2 of the Lair of Beasts)
Wands
 u - a wand of scattershot (2/9)
   (You found it on level 1 of the Lair of Beasts)
 x - a wand of confusion (7/48)
   (You found it on level 11 of the Dungeon)
 M - a wand of polymorph (8/24)
   (You took it off a centaur on level 13 of the Dungeon)
 V - a wand of iceblast (5/15)
   (You found it on level 15 of the Dungeon)
Scrolls
 i - 6 scrolls of fear
 j - 2 scrolls of recharging {unknown}
 l - 2 scrolls of enchant armour
 y - 3 scrolls of fog
 z - 2 scrolls of blinking {!r}
 C - 3 scrolls of teleportation
 H - a scroll of brand weapon {unknown}
 J - a scroll of enchant weapon {unknown}
 L - 4 scrolls of magic mapping {!r}
 T - 10 scrolls of remove curse
Potions
 f - 3 potions of haste
 o - a potion of invisibility
 q - 4 potions of mutation {!q}
 r - a potion of resistance
 t - 2 potions of brilliance
 v - 4 potions of flight
 w - 7 potions of curing
 A - 2 potions of agility
 B - 2 potions of might
 E - a potion of ambrosia
 I - a potion of berserk rage {!q}
Miscellaneous
 d - a box of beasts
Comestibles
 g - 11 bread rations {@e1@e1}
 h - 15 royal jellies
 m - 8 meat rations {@e2@e2}
 n - 16 fruits


   Skills:
 + Level 10.5 Fighting
 - Level 13.8 Short Blades
 - Level 2.5 Maces & Flails
 - Level 1.7 Throwing
 + Level 3.2 Armour
 + Level 3.3 Dodging
 - Level 19.7 Stealth
 + Level 3.8 Spellcasting
 + Level 3.7 Charms
 + Level 3.9 Necromancy
 + Level 4.0 Invocations


You had 15 spell levels left.
You knew the following spells:

 Your Spells              Type           Power        Failure   Level  Hunger
b - Blink                 Tloc           N/A          41%         2    ##.....
g - Apportation           Tloc           #.....       30%         1    #......
r - Regeneration          Chrm/Necr      ##........   19%         3    ###....


Dungeon Overview and Level Annotations

Branches:
Dungeon (15/15)            Temple (1/1) D:7            Lair (6/6) D:10
 Shoals (0/4) Lair:3       Spider (0/4) Lair:2        Slime (0/5) Lair:5
    Orc (0/2) D:12         Vaults (0/5) D:13         Depths (0/5) D:15

Altars:
Ashenzari
Cheibriados
Dithmenos
Elyvilon
Fedhas
Gozag
Hepliaklqana
Kikubaaqudgha
Makhleb
Nemelex Xobeh
Okawaru
Qazlal
Ru
Sif Muna
Trog
Uskayaw
Vehumet
Wu Jian
Xom
Yredelemnul
Zin
The Shining One
Jiyva

Shops:
D:6 ?   D:9 :

Annotations:
D:15 exclusion: hydra, Nessos
Lair:4 exclusion: 2 oklob plants


Innate Abilities, Weirdness & Mutations

You have razor-sharp teeth.
You heal very quickly.
When hurt, damage is shared between your health and your magic reserves.
Your bite disrupts and absorbs the magic of your enemies.
Potions cannot restore your health.
You are immune to rotting.


Message History

As you read the scroll of identify, it crumbles to dust.
l - 2 scrolls of enchant armour You regained 2 hp, and now have 49/81 hp.
You start resting.
You feel sick. x3
You are no longer poisoned.
You regained 14 hp, and now have 63/81 hp.
You start resting.
Some of the chunks of flesh in your inventory have rotted away.
You feel yourself speed up.
Health restored: 81 You regained 3 mp, and now have 15/21 mp.
You start resting.
No target in view!
No target in view!
You start resting.
You recover from your berserk rage.
You see here a book of Flames.
You drop 3 chunks of flesh {@w0@w0}.
Drop what? 50/52 slots (_ for help) (? for menu, Esc to quit)
Okay, then.
You eat one of the 26 fruits.
That lime was rather sour... but delicious nonetheless!
You eat one of the 25 fruits.
That lemon was rather sour... but delicious nonetheless!
You eat one of the 24 fruits.
That choko was very bland.
You eat one of the 23 fruits.
Mmm - a full handful of bilberries!
You eat one of the 22 fruits.
Mmm - a full handful of sultanas!
You eat one of the 21 fruits.
Mmm - a full handful of huckleberries!
You eat one of the 20 fruits.
Mmm - a full handful of dates!
You eat one of the 19 fruits.
That durian smelled terrible... but tasted delicious!
You eat one of the 18 fruits.
Mmm - a full handful of huckleberries!
You eat one of the 17 fruits.
Mmmm...
Yummy lychee.
You're too full to eat anything.
You're too full to eat anything.
Nessos shoots an arrow.
The arrow hits you.
You are poisoned.
You see here an arrow.
You take 4 damage, and have 77/81 hp.
You now have 18/21 mp.
Aim: Nessos, wielding a longbow of flaming and wearing a centaur barding (umbra, chance to defeat MR: 46%) Nessos resists with some effort.
Evoking this partially-identified wand wasted a few charges.
You feel sick.
Nessos zaps a wand.
The bolt of lightning hits you!
It is a wand of lightning (?/15).
You take 6 damage, and have 71/81 hp.
You now have 17/21 mp.
Nessos resists with some effort.
The acid dragon roars!
Evoking this partially-identified wand wasted a few charges.
You feel sick.
Nessos gestures wildly while chanting.
Nessos seems to speed up.
Nessos blinks!
You feel sick.
Nessos blinks!
Unknown command.
You completely miss the acid dragon.
You bite the acid dragon, but do no damage.
Your shadow hits the acid dragon but does no damage.
The acid dragon spits acid at you. The splash of acid hits you!
You are splashed with acid!
The acid burns!
Something shouts, "Quit, thou gleeking ill-breeding buzzard-bait!"
You take 11 damage, and have 62/81 hp.
You now have 14/21 mp.
You hit the acid dragon. You drain the acid dragon!
You bite the acid dragon, but do no damage.
Unknown command.
Your troll leather armour prevents you from hitting the acid dragon.
You feel sick. The acid dragon barely misses you.
The acid dragon claws you but does no damage.
You hit the acid dragon.
A shadow imp comes into view.
You hit the acid dragon.
You bite the acid dragon, but do no damage.
Your shadow misses the acid dragon. The acid dragon spits acid at you.
The splash of acid hits you! The acid corrodes you!
You are splashed with acid!
The acid burns!
You take 16 damage, and have 47/81 hp.
You now have 11/21 mp.
Unknown command.
Aim: Nessos, wielding a longbow of flaming, wearing a centaur barding and carrying a wand of lightning (?/15) {zapped: 1} (fast, umbra, chance to defeat MR: 46%) Nessos resists with some effort.
Evoking this partially-identified wand wasted a few charges.
You feel sick.
Nessos zaps a wand.
The bolt of lightning hits you!
Nessos zaps a wand.
The bolt of lightning hits you!
* * * LOW HITPOINT WARNING * * *
The acid dragon misses you. The acid dragon closely misses you.
Nessos zaps a wand.
The bolt of lightning hits you!
* * * LOW HITPOINT WARNING * * *
You take 42 damage, and have 5/81 hp.
MASSIVE DAMAGE!!
You now have 2/21 mp.
Unknown command.
Really read
z - 3 scrolls of blinking {!r}?
Blink to where?
You are very lightly contaminated with residual magic.
As you read the scroll of blinking {!r}, it crumbles to dust.
Nessos shoots an arrow.
The arrow hits you!!
You die...

#.# ### ..# #..
.. #.# .......
.....#.## ...ยง
... #.##.#.#
#.##.#@##
#.##....#
#.####..###.#
#.####......# #
#...(...##..# .#
#.####..##..##(#
#.# #..##.....#
#.# #.c##...#
#%####.(D....#


You could see Nessos.

Vanquished Creatures
  A dire elephant (Lair:6)
  Harold (D:11)
  5 hydras
  A great orb of eyes (D:15)
  A death knight (D:15)
  The ghost of oki the Martial Artist, a journeyman OpTm of Okawaru (D:11)
  4 centaur warriors
  6 two-headed ogres
  2 catoblepae (Lair:6)
  Erica (Lair:2)
  3 death yaks (Lair:6)
  A tengu warrior (D:11)
  A deep troll shaman (Lair:6)
  Urug (Lair:2)
  Sonja (Lair:2)
  6 skeletal warriors (D:14)
  An unseen horror (D:12)
  A lindwurm (Lair:6)
  Pikel (D:8)
  6 cyclopes
  10 ugly things
  A manticore (D:15)
  9 elephants (Lair:6)
  Maurice (D:8)
  Psyche (D:10)
  9 black mambas
  7 spiny frogs
  2 rime drakes (Lair:4)
  A yaktaur (shapeshifter) (D:15)
  5 komodo dragons
  An efreet (D:13)
  5 freezing wraiths
  A merfolk (D:11)
  The ghost of Gorglomux the Covert, a novice VSAs (D:4)
  6 trolls
  A hornet (D:15)
  4 slime creatures (D:14)
  17 blink frogs
  3 polar bears
  9 hippogriffs
  A redback (Lair:2)
  A wyvern (D:14)
  4 wraiths
  23 yaks
  A basilisk (shapeshifter) (D:15)
  A human (D:11)
  4 hungry ghosts
  8 vampire mosquitoes
  A basilisk (Lair:6)
  A soldier ant (D:13)
  22 water moccasins
  11 porcupines
  4 sky beasts
  A hornet zombie (D:11)
  4 ice beasts
  12 orc warriors
  3 black bears
  4 ogres
  3 phantoms
  10 centaurs
  A necrophage (D:11)
  14 wolves
  10 crocodiles
  2 big kobolds
  18 bullfrogs
  5 scorpions
  2 wyvern skeletons
  13 killer bees
  12 wights
  5 electric eels
  3 howler monkeys
  9 crimson imps
  2 centaur zombies
  A bullfrog zombie (D:7)
  9 hounds
  4 jellies
  4 bullfrog skeletons
  10 orc priests
  12 orc wizards
  4 centaur skeletons
  2 iguanas
  10 worker ants
  A hound zombie (D:4)
  A hound skeleton (D:5)
  11 adders
  2 shadow imps
  An adder zombie (D:7)
  4 worms
  2 dart slugs
  6 leopard geckos
  56 orcs
  A ball python (D:2)
  A giant cockroach (D:2)
  9 goblins
  6 hobgoblins
  12 jackals
  24 kobolds
  3 quokkas
  6 bats
  4 frilled lizards
  A jackal skeleton (D:4)
  6 rats
  2 plants
569 creatures vanquished.

Vanquished Creatures (others)
  2 slaves (D:8)
  A hound skeleton (D:8)
  A shadow imp (D:8)
  A giant cockroach (D:5)
  13 fungi
  8 plants
26 creatures vanquished.

Grand Total: 595 creatures vanquished

Notes
Turn   | Place    | Note
-------+----------+-------------------------------------------
     0 | D:1      | Gorglomux the Vine Stalker Assassin began the quest for the Orb.
     0 | D:1      | Reached XP level 1. HP: 11/11 MP: 2/2
    45 | D:1      | Reached skill level 2 in Short Blades
   117 | D:1      | Reached skill level 5 in Stealth
   139 | D:1      | Reached XP level 2. HP: 13/15 MP: 3/3
   607 | D:1      | Gorglomux: !lastgames
   607 | D:1      | beem: Last 10 games for Gorglomux: L7 VSAs^ (a water moccasin), L3 VSAs^ (Sigmund), L6 VSAs^ (a slave), L6 VSAs^ (an orc priest), L8 VSAs^ (a scorpion), L5 VSAs^ (a gnoll), L6 VSAs^ (a worker ant), L9 VSAs^Dith (an orc priest), L3 VSAs^ (a shadow imp), L6 VSAs^ (a gnoll)
   873 | D:1      | Reached XP level 3. HP: 15/18 MP: 4/4
  1000 | D:2      | Found a hide-covered altar of Uskayaw.
  1271 | D:2      | Reached skill level 3 in Short Blades
  1271 | D:2      | Gained mutation: Your natural rate of healing is unusually fast. [Vine Stalker growth]
  1271 | D:2      | Reached XP level 4. HP: 23/23 MP: 5/5
  1378 | D:2      | Reached skill level 6 in Stealth
  2199 | D:3      | Reached XP level 5. HP: 14/26 MP: 3/6
  2943 | D:4      | Reached skill level 7 in Stealth
  3107 | D:4      | Reached skill level 4 in Short Blades
  3107 | D:4      | Reached XP level 6. HP: 30/30 MP: 7/7
  3569 | D:4      | Noticed Gorglomux's ghost (novice VSAs)
  3612 | D:4      | Killed Gorglomux's ghost
  3612 | D:4      | Reached skill level 5 in Short Blades
  3612 | D:4      | Reached skill level 8 in Stealth
  3612 | D:4      | Reached XP level 7. HP: 26/34 MP: 8/8
  3617 | D:5      | Entered Level 5 of the Dungeon
  3635 | D:5      | Reached skill level 2 in Fighting
  3755 | D:5      | Reached skill level 9 in Stealth
  3957 | D:5      | Found a glowing golden altar of the Shining One.
  4061 | D:5      | Found a basalt altar of Yredelemnul.
  4186 | D:5      | HP: 8/35 [phantom (3)]
  4258 | D:5      | Gained mutation: You have razor-sharp teeth. [Vine Stalker growth]
  4258 | D:5      | Reached XP level 8. HP: 30/39 MP: 7/9
  4280 | D:5      | Noticed an angel
  4527 | D:5      | Reached skill level 3 in Fighting
  4527 | D:5      | Reached skill level 6 in Short Blades
  4527 | D:5      | Reached skill level 10 in Stealth
  4617 | D:6      | Noticed a yak
  4619 | D:6      | Noticed a yak
  4628 | D:6      | Noticed a yak
  4657 | D:6      | Killed a yak
  4695 | D:5      | Killed a yak
  4786 | D:6      | Killed a yak
  4786 | D:6      | Reached XP level 9. HP: 18/45 MP: 10/10
  4926 | D:6      | Reached skill level 7 in Short Blades
  4926 | D:6      | Reached skill level 11 in Stealth
  5023 | D:6      | Found a deep blue altar of Sif Muna.
  5087 | D:6      | Learned a level 1 spell: Apportation
  5142 | D:6      | Found Raiger's Magic Scroll Boutique.
  5151 | D:6      | Bought a scroll of identify for 28 gold pieces
  5151 | D:6      | Bought a scroll of magic mapping for 49 gold pieces
  5151 | D:6      | Bought a scroll of teleportation for 42 gold pieces
  5151 | D:6      | Bought a scroll of immolation for 49 gold pieces
  5272 | D:7      | Reached skill level 4 in Fighting
  5447 | D:7      | Found a staircase to the Ecumenical Temple.
  5478 | Temple   | Entered the Ecumenical Temple
  5539 | Temple   | Became a worshipper of Dithmenos the Shadowed
  5849 | D:7      | Reached skill level 12 in Stealth
  6244 | D:8      | Noticed Pikel
  6261 | D:8      | Killed Pikel
  6261 | D:8      | Reached skill level 8 in Short Blades
  6281 | D:8      | Reached skill level 5 in Fighting
  6391 | D:8      | Got a twitching golden ring
  6394 | D:8      | Identified the ring "Qonit" {-Tele AC+3 Slay+2 Stlth+} (You found it on level 8 of the Dungeon)
  6419 | D:8      | Reached XP level 10. HP: 49/51 MP: 11/11
  6455 | D:8      | Reached * piety under Dithmenos
  6679 | D:8      | Found a glowing silver altar of Zin.
  6682 | D:8      | Found an opulent altar of Gozag.
  6808 | D:7      | HP: 12/51 [killer bee (4)]
  6809 | D:7      | Reached skill level 13 in Stealth
  6810 | D:7      | HP: 2/51 [killer bee (5)]
  6815 | D:7      | HP: 2/76 [poisoned by a killer bee]
  6821 | D:7      | HP: 2/76 [poisoned by a killer bee]
  6826 | D:7      | HP: 4/76 [poisoned by a killer bee]
  6834 | D:7      | HP: 7/76 [poisoned by a killer bee]
  6977 | D:8      | Paralysed by fainting for 12 turns
  7099 | D:8      | Noticed Maurice
  7114 | D:8      | Killed Maurice
  7525 | D:9      | Reached skill level 9 in Short Blades
  7828 | D:9      | Found Zajiew's Book Emporium.
  8043 | D:10     | Entered Level 10 of the Dungeon
  8046 | D:10     | Reached ** piety under Dithmenos
  8172 | D:10     | Reached skill level 6 in Fighting
  8206 | D:10     | HP: 8/53 [phantom (6)]
  8221 | D:10     | Reached skill level 14 in Stealth
  8307 | D:10     | Noticed a two-headed ogre
  8314 | D:10     | Killed a two-headed ogre
  8314 | D:10     | Reached XP level 11. HP: 57/57 MP: 12/12
  8372 | D:10     | Found a staircase to the Lair.
  8600 | D:10     | Noticed Psyche
  8607 | D:10     | Killed Psyche
  8682 | D:10     | Reached skill level 10 in Short Blades
  8886 | D:10     | Reached *** piety under Dithmenos
  8908 | D:10     | Got a scorched ring mail
  9535 | D:11     | Noticed a seven-headed hydra
  9657 | D:11     | Identified the cursed +1 ring mail of Masochism {rElec Dex+4} (You took it off an orc priest on level 10 of the Dungeon)
  9817 | D:11     | Noticed a brown ugly thing
  9823 | D:11     | Noticed oki's ghost (journeyman OpTm)
  9824 | D:11     | Killed a brown ugly thing
  9881 | D:11     | Killed a seven-headed hydra
  9881 | D:11     | Reached skill level 15 in Stealth
  9919 | D:11     | Killed oki's ghost
  9919 | D:11     | Reached skill level 7 in Fighting
 10252 | D:11     | Noticed a red ugly thing
 10280 | D:11     | HP: 11/58 [red ugly thing (11)]
 10307 | D:11     | Killed a red ugly thing
 10595 | D:11     | Reached skill level 11 in Short Blades
 10612 | D:11     | Gained mutation: You heal very quickly. [Vine Stalker growth]
 10612 | D:11     | Reached XP level 12. HP: 57/63 MP: 13/13
 10776 | D:11     | Noticed Harold
 10779 | D:11     | Killed Harold
 10779 | D:11     | Reached skill level 16 in Stealth
 10950 | D:11     | Noticed a tengu warrior
 10975 | D:11     | Killed a tengu warrior
 11092 | Lair:1   | Entered Level 1 of the Lair of Beasts
 11194 | Lair:1   | Reached **** piety under Dithmenos
 11211 | Lair:1   | Noticed a seven-headed hydra
 11219 | Lair:1   | Killed a seven-headed hydra
 11219 | Lair:1   | Reached skill level 8 in Fighting
 11452 | Lair:1   | HP: 15/64 [poisoned by a black mamba]
 11457 | Lair:1   | HP: 10/64 [poisoned by a black mamba]
 11462 | Lair:1   | HP: 8/64 [poisoned by a black mamba]
 11467 | Lair:1   | HP: 8/64 [poisoned by a black mamba]
 11473 | Lair:1   | HP: 11/64 [poisoned by a black mamba]
 11479 | Lair:1   | HP: 16/64 [poisoned by a black mamba]
 12141 | Lair:2   | Reached skill level 17 in Stealth
 12179 | Lair:2   | Got a transparent trident
 12180 | Lair:2   | Identified the cursed +1 trident of Jipnioph {pierce, Str+3} (You found it on level 2 of the Lair of Beasts)
 12297 | Lair:2   | Noticed Erica
 12317 | Lair:2   | Killed Erica
 12317 | Lair:2   | Reached skill level 12 in Short Blades
 12350 | Lair:2   | Noticed Urug
 12356 | Lair:2   | Killed Urug
 12421 | Lair:2   | Found a hole to the Spider Nest.
 12542 | Lair:2   | Noticed Sonja
 12549 | Lair:2   | Killed Sonja
 12549 | Lair:2   | Reached XP level 13. HP: 69/69 MP: 14/14
 13507 | Lair:3   | Found a staircase to the Shoals.
 13681 | Lair:4   | Reached skill level 9 in Fighting
 14137 | Lair:4   | Reached skill level 18 in Stealth
 14507 | Lair:5   | Found a staircase to the Slime Pits.
 14507 | Lair:5   | Found a viscous altar of Jiyva.
 14689 | Lair:5   | HP: 17/70 [poisoned by a black mamba]
 14692 | Lair:5   | HP: 8/70 [poisoned by a black mamba]
 14697 | Lair:5   | HP: 9/70 [poisoned by a black mamba]
 14702 | Lair:5   | HP: 12/70 [poisoned by a black mamba]
 14708 | Lair:5   | HP: 17/70 [poisoned by a black mamba]
 15231 | Lair:6   | Entered Level 6 of the Lair of Beasts
 15286 | Lair:6   | Reached skill level 13 in Short Blades
 15511 | Lair:6   | Reached ***** piety under Dithmenos
 15905 | Lair:6   | Noticed a dire elephant
 16262 | Lair:6   | HP: 16/71 [four-headed hydra (7)]
 16323 | Lair:6   | Reached XP level 14. HP: 60/76 MP: 9/15
 16613 | Lair:6   | Reached skill level 19 in Stealth
 16746 | Lair:6   | Reached skill level 10 in Fighting
 16828 | Lair:6   | Reached skill level 1 in Maces & Flails
 17271 | Lair:6   | Killed a dire elephant
 17309 | Lair:6   | Learned a level 2 spell: Blink
 17517 | D:11     | Reached skill level 2 in Maces & Flails
 17934 | D:12     | Found a staircase to the Orcish Mines.
 18026 | D:12     | Found a sacrificial altar of Ru.
 18302 | D:12     | Learned a level 3 spell: Regeneration
 18520 | D:12     | HP: 18/77 [vampire mosquito (3)]
 18525 | D:12     | HP: 19/77 [poisoned by a green ugly thing]
 18544 | D:12     | HP: 19/77 [something (5)]
 18549 | D:12     | HP: 19/77 [something (2)]
 18581 | D:12     | Reached skill level 1 in Armour
 18581 | D:12     | Reached skill level 1 in Dodging
 18581 | D:12     | Reached skill level 1 in Necromancy
 18619 | D:13     | Reached skill level 1 in Spellcasting
 18675 | D:13     | Reached skill level 1 in Invocations
 18754 | D:13     | Reached skill level 1 in Charms
 19128 | D:13     | Found a gate to the Vaults.
 19229 | D:13     | Reached skill level 2 in Invocations
 19306 | D:14     | Reached skill level 2 in Spellcasting
 19306 | D:14     | Reached skill level 2 in Necromancy
 19364 | D:14     | Reached skill level 2 in Charms
 19404 | D:14     | Reached ****** piety under Dithmenos
 19473 | D:14     | Reached skill level 2 in Dodging
 19544 | D:14     | Reached skill level 2 in Armour
 20063 | D:14     | Reached XP level 15. HP: 44/81 MP: 13/20
 20241 | D:14     | Reached skill level 3 in Invocations
 20279 | D:14     | Reached skill level 3 in Necromancy
 20283 | D:14     | Reached skill level 3 in Charms
 20364 | D:14     | Reached skill level 3 in Spellcasting
 20578 | D:14     | Reached skill level 3 in Dodging
 20690 | D:15     | Entered Level 15 of the Dungeon
 20779 | D:15     | Reached skill level 3 in Armour
 20872 | D:15     | Found a staircase to the Depths.
 21108 | D:15     | Reached skill level 4 in Invocations
 21140 | D:15     | HP: 19/81 [freezing wraith[a death knight] (5)]
 21322 | D:15     | Noticed Nessos
 21389 | D:15     | HP: 16/81 [Nessos/wand of lightning (?/15) (19)]
 21389 | D:15     | HP: 5/81 [Nessos/wand of lightning (?/15) (11)]
 21390 | D:15     | Shot with an arrow by Nessos

Vault maps used:
D:1:      dpeg_arrival_connections
D:2:      overflow_temple_1_default
D:3:      first_bread
D:5:      grunt_temple_overflow_holy_war
D:6:      lemuel_blue_sif_altar, serial_shops, shop, lemuel_flamethrower_2
D:7:      minmay_temple_entry_crystal_x, serial_column_ruins, column_ruins_hut,
          column_ruins_columns_dead_end, column_ruins_grid_3,
          column_ruins_open_small, column_ruins_columns_corner
D:8:      grunt_temple_overflow_gold_and_silver, nrook_mini_vaults, uniq_pikel,
          uniq_maurice
D:9:      serial_shops, nicolae_shop_crystal, serial_column_ruins,
          column_ruins_square_small, column_ruins_open_medium,
          column_ruins_columns_straight, column_ruins_open_tiny
D:10:     dpeg_oklobed_lair, uniq_psyche
D:11:     hangedman_stone_soup, uniq_harold
D:12:     david_orc_4, nicolae_ru_sacrificial_ziggurat
D:13:     david_vaults_4
D:15:     hangedman_depths_entry_try_elsewhere_first, uniq_nessos
Temple:   nicolae_temple_x_marks_the_god
Lair:1:   minmay_guarded_unrand_snakebite
Lair:2:   spider_nest_entry_webs, lemuel_fruit_fields, grunt_megastairs_3,
          uniq_sonja, uniq_urug, uniq_erica
Lair:3:   elwin_shoals_entry_rocks, serial_bayou_lagoon_b
Lair:4:   grunt_megastairs_1, lemuel_fruit_fields, minmay_lair_oklob_chamber
Lair:5:   slime_altar_1, st_stairs_13, serial_bayou_shore_b,
          infiniplex_staircase_pool, grunt_megastairs_4, serial_bayou_shore_a,
          lemuel_fruit_fields
Lair:6:   grunt_lair_end_beastmaster, patterned_corridor, grunt_megastairs_2,
          lemuel_fruit_fields

Skill      XL: |  1  2  3  4  5  6  7  8  9 10 11 12 13 14 15 |
---------------+----------------------------------------------+-----
Short Blades   | 2 3 4 5 6 8 9 11 12 13 | 13.8
Stealth        | 5 6 7 8 9 10 12 14 15 17 18 19 | 19.7
Fighting       | 2 3 5 6 7 8 9 10 | 10.5
Maces & Flails | 2 |  2.5
Armour         | 2 3 |  3.2
Dodging        | 2 3 |  3.3
Necromancy     | 2 3 |  3.9
Spellcasting   | 2 3 |  3.8
Invocations    | 2 4 |  4.0
Charms         | 2 3 |  3.7
Throwing       | |  1.7

Action                   |  1- 3 |  4- 6 |  7- 9 | 10-12 | 13-15 || total
-------------------------+-------+-------+-------+-------+-------++-------
Melee: Dagger            |    76 |   145 |   294 |   601 |       ||  1116
       Bite              |    16 |    41 |   104 |   219 |   359 ||   739
       Whip              |       |       |       |    39 |   490 ||   529
       Short sword       |       |       |       |       |   418 ||   418
 Fire: Blowgun           |     2 |     9 |    10 |    14 |    19 ||    54
 Cast: Apportation       |       |       |     7 |    11 |       ||    18
       Regeneration      |       |       |       |       |     5 ||     5
Invok: Shadow Step       |       |       |       |     2 |       ||     2
Evoke: Wand              |       |       |       |       |     5 ||     5
  Use: Scroll            |     2 |     4 |     8 |     8 |    10 ||    32
       Potion            |       |       |       |     3 |     4 ||     7
 Stab: Sleeping          |    10 |     9 |     9 |    67 |    96 ||   191
       Distracted        |     1 |       |     2 |     6 |    10 ||    19
       Petrified         |       |       |       |       |     4 ||     4
       Invisible         |       |       |       |       |     4 ||     4
  Eat: Chunk             |     1 |     6 |    11 |    21 |    31 ||    70
       Royal jelly       |       |       |       |     2 |       ||     2
       Fruit             |       |       |       |       |    10 ||    10
Armor: Robe              |    10 |    27 |    37 |    56 |       ||   130
       Skin              |       |       |       |    24 |       ||    24
       Troll leather arm |       |       |       |   103 |   350 ||   453
Dodge: Dodged            |    29 |    51 |    99 |   232 |   558 ||   969

Vault maps used:
D:1:      dpeg_arrival_connections
D:2:      overflow_temple_1_default
D:3:      first_bread
D:5:      grunt_temple_overflow_holy_war
D:6:      lemuel_blue_sif_altar, serial_shops, shop, lemuel_flamethrower_2
D:7:      minmay_temple_entry_crystal_x, serial_column_ruins, column_ruins_hut,
          column_ruins_columns_dead_end, column_ruins_grid_3,
          column_ruins_open_small, column_ruins_columns_corner
D:8:      grunt_temple_overflow_gold_and_silver, nrook_mini_vaults, uniq_pikel,
          uniq_maurice
D:9:      serial_shops, nicolae_shop_crystal, serial_column_ruins,
          column_ruins_square_small, column_ruins_open_medium,
          column_ruins_columns_straight, column_ruins_open_tiny
D:10:     dpeg_oklobed_lair, uniq_psyche
D:11:     hangedman_stone_soup, uniq_harold
D:12:     david_orc_4, nicolae_ru_sacrificial_ziggurat
D:13:     david_vaults_4
D:15:     hangedman_depths_entry_try_elsewhere_first, uniq_nessos
Temple:   nicolae_temple_x_marks_the_god
Lair:1:   minmay_guarded_unrand_snakebite
Lair:2:   spider_nest_entry_webs, lemuel_fruit_fields, grunt_megastairs_3,
          uniq_sonja, uniq_urug, uniq_erica
Lair:3:   elwin_shoals_entry_rocks, serial_bayou_lagoon_b
Lair:4:   grunt_megastairs_1, lemuel_fruit_fields, minmay_lair_oklob_chamber
Lair:5:   slime_altar_1, st_stairs_13, serial_bayou_shore_b,
          infiniplex_staircase_pool, grunt_megastairs_4, serial_bayou_shore_a,
          lemuel_fruit_fields
Lair:6:   grunt_lair_end_beastmaster, patterned_corridor, grunt_megastairs_2,
          lemuel_fruit_fields

Table legend:
 A = Turns spent in this place as a percentage of turns spent in the entire game.
 B = Non-inter-level travel turns spent in this place as a percentage of non-inter-level travel turns spent in the entire game.
 C = Inter-level travel turns spent in this place as a percentage of turns spent in this place.
 D = Turns resting spent in this place as a percentage of non-inter-level travel turns spent in this place.
 E = Turns spent auto-exploring this place as a percentage of non-inter-level travel turns spent in this place.
 F = Non-inter-level travel turns spent in this place divided by the number of levels of this place that you've seen.
                   A       B       C       D       E      F
               +-------+-------+-------+-------+-------+----------------------
         Total | 100.0 | 100.0 |   0.4 |   1.9 |   7.7 | 376.0
       Dungeon |  70.5 |  70.5 |   0.4 |   1.8 |   8.0 | 388.8
        Temple |   0.2 |   0.2 |  11.1 |   0.0 |  31.2 |  16.0
          Lair |  29.3 |  29.3 |   0.2 |   2.0 |   6.8 | 404.0
               +-------+-------+-------+-------+-------+----------------------

Table legend:
 A = Kills in this place as a percentage of kills in entire the game.
 B = Kills by you in this place as a percentage of kills by you in the entire game.
 C = Kills by friends in this place as a percentage of kills by friends in the entire game.
 D = Other kills in this place as a percentage of other kills in the entire game.
 E = Experience gained in this place as a percentage of experience gained in the entire game.
 F = Experience gained in this place divided by the number of levels of this place that you have seen.
                   A       B       C       D       E      F
               +-------+-------+-------+-------+-------+----------------------
         Total | 100.0 | 100.0 |  -nan |  -nan | 100.0 | 4647.0
       Dungeon |  72.8 |  72.8 |  -nan |  -nan |  56.3 | 3835.0
          Lair |  27.2 |  27.2 |  -nan |  -nan |  43.7 | 7451.7
               +-------+-------+-------+-------+-------+----------------------
